 Dungeon Crawl Stone Soup version 0.21.1-1-g345015fe64 (webtiles) character file.

63695 rbetra the Fighter (level 14, -8/190 HPs)
             Began as a Minotaur Berserker on June 8, 2018.
             Was a High Priest of Trog.
             Mangled by an orc warlord
             ... wielding a +2 battleaxe of electrocution
              (14 damage)
             ... on level 1 of the Orcish Mines on June 13, 2018.
             The game lasted 04:10:20 (27531 turns).

rbetra the Fighter (Minotaur Berserker)            Turns: 27531, Time: 04:10:20

Health: -8/190     AC: 20    Str: 36    XL:     14   Next: 69%
Magic:  28/28      EV: 16    Int:  3    God:    Trog [*****.]
Gold:   663        SH:  6    Dex: 12    Spells: 13/13 levels left

rFire    . . .     SeeInvis .   a - +4 mace of Patsikh {crush, Str+4 Int-5 Dex+3 Stlth+}
rCold    + + .     Gourm    .   o - +1 buckler
rNeg     . . .     Faith    .   y - +4 chain mail
rPois    +         Spirit   .   (helmet restricted)
rElec    .         Reflect  .   D - scarf {rC+ rF+}
rCorr    .         Harm     .   C - +1 pair of gloves
MR       +....                  S - +0 pair of boots
Stlth    ..........             (no amulet)
HPRegen  0.41/turn              Q - ring of stealth
MPRegen  0.21/turn              T - ring "Mesuystru" {Ice rPois MP+9 Int+3 Stlth+}

@: berserking, very quick
A: retaliatory headbutt, horns 2
a: Berserk, Trog's Hand, Brothers in Arms, Burn Spellbooks, Renounce Religion


You were on level 1 of the Orcish Mines.
You worshipped Trog.
Trog was extremely pleased with you.
You were hungry.

You visited 4 branches of the dungeon, and saw 20 of its levels.

You collected 1464 gold pieces.
You spent 801 gold pieces at shops.

Inventory:

Hand Weapons
 a - the +4 mace of Patsikh (weapon) {crush, Str+4 Int-5 Dex+3 Stlth+}
   (You found it on level 5 of the Dungeon)

   It inflicts extra damage upon your enemies.
   It affects your strength (+4).
   It affects your intelligence (-5).
   It affects your dexterity (+3).
   It makes you more stealthy.
 b - a +0 hand crossbow
 i - a +0 battleaxe
 E - a +1 war axe of freezing
 H - a +3 antimagic broad axe
Missiles
 l - 283 stones (quivered)
 r - 68 bolts
Armour
 o - a +1 buckler (worn)
 y - a +4 chain mail (worn)
 C - a +1 pair of gloves (worn)
 D - a scarf of resistance (worn)
 L - a +0 plate armour
 O - a +0 plate armour
 S - a +0 pair of boots (worn)
 Z - a scarf of spirit shield
Jewellery
 e - an uncursed ring of ice
 Q - a ring of stealth (left hand)
 T - the ring "Mesuystru" (right hand) {Ice rPois MP+9 Int+3 Stlth+}
   (You bought it in a shop on level 7 of the Dungeon)

   [ring of ice]

   It enhances your ice magic.
   It affects your intelligence (+3).
   It makes you vulnerable to fire.
   It protects you from cold.
   It protects you from poison.
   It affects your magic capacity (+9).
   It makes you more stealthy.
 W - an uncursed ring of fire
Wands
 v - a wand of iceblast (8)
 w - a wand of scattershot (4)
 I - a wand of paralysis (11)
 P - a wand of flame (50)
 R - a wand of acid (14)
Scrolls
 d - 4 scrolls of fog
 f - 2 scrolls of amnesia {unknown}
 k - 5 scrolls of remove curse
 m - 4 scrolls of enchant armour
 n - 4 scrolls of fear
 s - 2 scrolls of blinking
 z - a scroll of brand weapon {unknown}
 B - a scroll of vulnerability {unknown}
 G - 4 scrolls of summoning
 K - 3 scrolls of enchant weapon
 M - a scroll of immolation {unknown}
 V - 4 scrolls of teleportation
 Y - a scroll of holy word {unknown}
Potions
 g - 5 potions of flight
 h - 5 potions of haste
 p - 7 potions of curing
 t - a potion of resistance
 u - 5 potions of heal wounds
 x - 3 potions of brilliance
 A - 3 potions of agility
 F - a potion of might
Books
 J - a book of Enchantments

   Spells                             Type                      Level
   a - Cause Fear                     Hexes                        4
   b - Yara's Violent Unravelling     Hexes/Transmutation          5
   c - Silence                        Hexes/Air                    5
   d - Deflect Missiles               Charms/Air                   6
   e - Discord                        Hexes                        8
   Trog disapproves of the use of such an item.
 N - a book of Flames

   Spells                             Type                      Level
   a - Flame Tongue                   Conjuration/Fire             1
   b - Throw Flame                    Conjuration/Fire             2
   c - Conjure Flame                  Conjuration/Fire             3
   d - Inner Flame                    Hexes/Fire                   3
   e - Sticky Flame                   Conjuration/Fire             4
   f - Fireball                       Conjuration/Fire             5
   Trog disapproves of the use of such an item.
 X - a book of Battle

   Spells                             Type                      Level
   a - Infusion                       Charms                       1
   b - Shroud of Golubria             Charms/Translocation         2
   c - Song of Slaying                Charms                       2
   d - Spectral Weapon                Hexes/Charms                 3
   e - Regeneration                   Charms/Necromancy            3
   Trog disapproves of the use of such an item.
Miscellaneous
 U - a fan of gales
Comestibles
 c - 19 rations
 j - 14 chunks of flesh


   Skills:
 + Level 12.9 Fighting
 + Level 12.9 Axes
   Level 7.3 Bows
 + Level 4.8 Crossbows
 + Level 12.5 Armour
 + Level 11.8 Dodging
 + Level 7.1 Stealth
 + Level 6.8 Shields
 - Level 9.0 Evocations


You had 13 spell levels left.
You didn't know any spells.

Dungeon Overview and Level Annotations

Branches:
Dungeon (12/15)            Temple (1/1) D:5            Lair (6/6) D:9
 Shoals (0/4) Lair:2       Spider (0/4) Lair:3        Slime (0/5) Lair:5
    Orc (1/2) D:12

Altars:
Ashenzari
Cheibriados
Dithmenos
Elyvilon
Fedhas
Gozag
Hepliaklqana
Kikubaaqudgha
Makhleb
Nemelex Xobeh
Okawaru
Qazlal
Ru
Sif Muna
Trog
Uskayaw
Vehumet
Wu Jian
Xom
Yredelemnul
Zin
The Shining One
Jiyva

Shops:
D:4 [[(   D:7 *

Annotations:
Lair:4 exclusion: ice statue


Innate Abilities, Weirdness & Mutations

You reflexively headbutt those who attack you in melee.
You have a pair of horns on your head.


Message History

You thump the orc warlord! You headbutt the orc warlord!
The orc warlord is heavily wounded.
The orc warlord hits you with a battleaxe of electrocution.
* * * LOW HITPOINT WARNING * * *
You are electrocuted!
* * * LOW HITPOINT WARNING * * *
You sock the orc warlord! You headbutt the orc warlord.
The orc warlord is severely wounded.
You sock the orc warlord! You headbutt the orc warlord.
The orc warlord is almost dead.
You barely miss the orc warlord.
The orc warlord is almost dead.
The orc warlord hits you with a battleaxe of electrocution!
* * * LOW HITPOINT WARNING * * *
You hit the orc warlord.
The orc warlord is almost dead.
The orc warlord hits you with a battleaxe of electrocution!!
* * * LOW HITPOINT WARNING * * *
You are electrocuted!
You die...

# ##)## #....####......##
...#.#...## ##.....##.......#
..........###.....###...#..##
..
...............#...)[)..####
.###.....##.....##.....####
........$#...).#.......#.##
###........###.##...........#
#....####...).###.....##....#
.....###.(()(.)o@)...###....#
......##....#.####....#....##
......)....#### ##........#
..........## #.#......##
.##....)..# ###.....##
##.....## #...$...... ##..###
#....#......# ##.#
.....###....#. ### #.o...#
......


You could see an orc warlord.

Vanquished Creatures
  Rupert (Lair:5)
  Gastronok (Lair:2)
  An ettin (Orc:1)
  4 hydras
  Fannar (Lair:3)
  Erica (D:10)
  5 two-headed ogres
  A centaur warrior (D:12)
  Nergalle (Lair:2)
  An orc high priest (Orc:1)
  Sonja (D:11)
  A skeletal warrior (D:12)
  A lindwurm (Lair:5)
  The ghost of test1 the Carver, a novice MiFi of Wu Jian (D:4)
  A deep elf mage (D:12)
  2 orc sorcerers (Orc:1)
  3 ugly things
  A cyclops (D:12)
  A manticore (D:11)
  4 elephants
  5 black mambas
  25 spiny frogs
  A gargoyle (D:11)
  A kobold demonologist (D:11)
  2 rime drakes
  8 komodo dragons
  A freezing wraith (Lair:4)
  4 trolls
  6 polar bears
  3 tyrant leeches (Lair:6)
  27 blink frogs
  8 hippogriffs
  A redback (Lair:3)
  3 basilisks
  3 fire bats (Lair:6)
  28 yaks
  2 wyverns (D:9)
  A wraith (D:11)
  2 hungry ghosts
  6 humans (D:9)
  7 vampire mosquitoes
  Grum (D:9)
  A steam dragon (Lair:3)
  A warg (Orc:1)
  Menkaure (D:7)
  An acid dragon (D:12)
  11 water moccasins
  10 orc warriors
  12 porcupines
  12 ice beasts
  2 sky beasts
  3 black bears
  9 ogres
  A phantom (D:6)
  24 wolves
  10 crocodiles
  3 centaurs
  2 big kobolds
  29 bullfrogs
  2 wyvern skeletons
  12 killer bees
  3 scorpions
  9 wights
  A howler monkey (D:11)
  4 electric eels
  8 crimson imps
  3 bullfrog zombies
  6 hounds
  A gnoll shaman (D:6)
  5 jellies
  A centaur skeleton (D:11)
  2 bullfrog skeletons
  4 orc priests
  9 orc wizards
  Crazy Yiuf (D:5)
  4 iguanas
  7 worker ants
  A hound skeleton (D:8)
  2 hound zombies
  3 howler monkey zombies
  14 adders
  4 gnolls (D:6)
  5 shadow imps
  An adder zombie (D:8)
  An adder skeleton (D:9)
  2 dart slugs
  3 worms (D:3)
  2 leopard geckos
  21 orcs
  5 bats
  7 giant cockroaches
  4 goblins
  4 hobgoblins
  13 jackals
  5 quokkas
  2 ball pythons
  3 frilled lizards
  2 gnoll zombies (D:2)
  13 kobolds
  5 rats
  2 fungi (D:9)
  2 plants
518 creatures vanquished.

Vanquished Creatures (collateral kills)
  A catoblepas (Lair:6)
  3 blink frogs (Lair:6)
  A tyrant leech (Lair:6)
  A crocodile (Lair:6)
6 creatures vanquished.

Vanquished Creatures (others)
  20 fungi
  35 plants (Lair:6)
55 creatures vanquished.

Grand Total: 579 creatures vanquished

Notes
Turn   | Place    | Note
-------+----------+-------------------------------------------
     0 | D:1      | rbetra the Minotaur Berserker began the quest for the Orb.
     0 | D:1      | Reached XP level 1. HP: 19/19 MP: 0/0
   210 | D:1      | Reached XP level 2. HP: 22/27 MP: 1/1
   572 | D:2      | Reached XP level 3. HP: 10/33 MP: 2/2
   994 | D:2      | Reached ** piety under Trog
   994 | D:2      | Reached skill level 1 in Shields
  1255 | D:2      | Found a basalt altar of Yredelemnul.
  1468 | D:3      | Reached XP level 4. HP: 37/41 MP: 3/3
  2010 | D:3      | Reached XP level 5. HP: 47/47 MP: 4/4
  2402 | D:4      | Noticed test1's ghost (novice MiFi)
  2418 | D:4      | Killed test1's ghost
  2418 | D:4      | Reached skill level 5 in Fighting
  2418 | D:4      | Reached skill level 5 in Axes
  2418 | D:4      | Reached XP level 6. HP: 49/56 MP: 5/5
  2418 | D:4      | Reached XP level 7. HP: 53/61 MP: 6/6
  2493 | D:4      | Found Ipoud's Armour Shop.
  2503 | D:4      | Bought a +0 pair of gloves for 54 gold pieces
  2524 | D:4      | Found an iron altar of Okawaru.
  2546 | D:4      | Reached *** piety under Trog
  2548 | D:4      | Found Syrryx's Armour Shoppe.
  2732 | D:4      | Found a deep blue altar of Sif Muna.
  2809 | D:4      | Found Zomiaxoz's Weapon Shop.
  2820 | D:4      | Reached skill level 5 in Armour
  3089 | D:5      | Entered Level 5 of the Dungeon
  3175 | D:5      | Found a staircase to the Ecumenical Temple.
  3338 | D:5      | Reached skill level 5 in Dodging
  3338 | D:5      | Reached XP level 8. HP: 42/71 MP: 7/7
  3621 | D:5      | Found an ancient bone altar of Kikubaaqudgha.
  3643 | D:5      | Found a shimmering altar of Xom.
  3852 | D:5      | Found a runed door.
  3958 | D:5      | Found a sacrificial altar of Ru.
  4371 | D:5      | Noticed Crazy Yiuf
  4377 | D:5      | Killed Crazy Yiuf
  4379 | D:5      | Got a polished mace
  4384 | D:5      | Got an encrusted mace
  4756 | D:6      | Reached skill level 1 in Evocations
  5171 | D:6      | Lost intelligence.
  5171 | D:6      | Identified the +4 mace of Patsikh {crush, Str+4 Int-5 Dex+3 Stlth+} (You found it on level 5 of the Dungeon)
  5202 | D:6      | Identified the +3 mace of Qikotu Kemi {pain, +Blink +Rage rC+++ Str-4 Dex-2} (You found it on level 5 of the Dungeon)
  5587 | D:7      | Found Xaol's Assorted Antiques.
  5676 | D:7      | Noticed Menkaure
  5725 | D:7      | Found a flagged portal.
  6220 | D:7      | Reached XP level 9. HP: 79/79 MP: 9/9
  6231 | D:7      | Received a gift from Trog
  6395 | D:7      | Killed Menkaure
  6669 | D:7      | You fall through a shaft for 3 floors!
  6669 | D:10     | Entered Level 10 of the Dungeon
  6713 | D:9      | Noticed a two-headed ogre
  6724 | D:9      | Killed a two-headed ogre
  6910 | D:8      | Got a shimmering whip
  6928 | D:8      | Reached **** piety under Trog
  7011 | D:8      | Noticed a two-headed ogre
  7020 | D:8      | Killed a two-headed ogre
  7109 | D:8      | Reached XP level 10. HP: 90/90 MP: 12/12
  7450 | D:8      | Noticed a two-headed ogre
  7455 | D:8      | Killed a two-headed ogre
  7634 | D:8      | Found a shadowy altar of Dithmenos.
  8064 | D:7      | Bought a pair of boots for 121 gold pieces
  8064 | D:7      | Bought a steaming silver ring for 135 gold pieces
  8064 | D:7      | Bought a scroll of remove curse for 81 gold pieces
  8069 | D:7      | Identified the ring "Mesuystru" {Ice rPois MP+9 Int+3 Stlth+} (You bought it in a shop on level 7 of the Dungeon)
  8178 | D:9      | Reached skill level 1 in Bows
  8332 | D:9      | Reached skill level 5 in Evocations
  8373 | D:9      | Reached skill level 1 in Stealth
  8708 | D:9      | Reached XP level 11. HP: 75/99 MP: 14/14
  8727 | D:9      | Found a staircase to the Lair.
  8972 | D:9      | Noticed Grum
  8991 | D:9      | Killed Grum
  9415 | D:9      | Reached skill level 10 in Fighting
  9415 | D:9      | Reached skill level 10 in Axes
 10027 | D:10     | Noticed Erica
 10067 | D:10     | Killed Erica
 10604 | D:10     | Identified the +6 whip of the Final Decision {antimagic, Int+5 Stlth-} (You found it on level 8 of the Dungeon)
 10760 | D:10     | topor!
 10760 | D:10     | axe
 10874 | Temple   | Entered the Ecumenical Temple
 11416 | D:11     | Received a gift from Trog
 11689 | D:11     | Noticed Sonja
 11708 | D:11     | Killed Sonja
 11903 | D:11     | Reached skill level 10 in Armour
 12118 | D:11     | Noticed a white ugly thing
 12129 | D:11     | Killed a white ugly thing
 12657 | D:12     | Noticed a two-headed ogre
 12662 | D:11     | Reached ***** piety under Trog
 12670 | D:11     | Killed a two-headed ogre
 12671 | D:11     | Reached skill level 5 in Bows
 12877 | D:12     | Noticed a deep elf mage
 12887 | D:12     | Killed a deep elf mage
 12922 | D:12     | Reached XP level 12. HP: 105/108 MP: 15/15
 12986 | D:12     | Received a gift from Trog
 13435 | D:12     | Noticed a two-headed ogre
 13444 | D:12     | Killed a two-headed ogre
 13539 | D:12     | Found a staircase to the Orcish Mines.
 14122 | D:12     | Noticed a centaur warrior
 14139 | D:12     | Killed a centaur warrior
 14447 | D:4      | Bought a scarf of resistance for 384 gold pieces
 14842 | Lair:1   | Entered Level 1 of the Lair of Beasts
 15143 | Lair:1   | Reached skill level 10 in Dodging
 16909 | Lair:1   | Received a gift from Trog
 16917 | Lair:1   | Reached skill level 5 in Stealth
 17116 | Lair:2   | Noticed Nergalle
 17157 | Lair:2   | Killed Nergalle
 17157 | Lair:2   | Reached XP level 13. HP: 116/116 MP: 17/17
 17713 | Lair:2   | Noticed Gastronok
 17765 | Lair:2   | Killed Gastronok
 18057 | Lair:2   | Found a staircase to the Shoals.
 18765 | Lair:3   | Noticed Fannar
 18777 | Lair:3   | Killed Fannar
 18825 | Lair:3   | Found a hole to the Spider Nest.
 19726 | D:4      | Bought 12 bolts for 26 gold pieces
 20111 | Lair:4   | Reached skill level 1 in Crossbows
 21651 | Lair:5   | Found a viscous altar of Jiyva.
 21652 | Lair:5   | Found a staircase to the Slime Pits.
 21811 | Lair:5   | Received a gift from Trog
 22367 | Lair:5   | Noticed Rupert
 22388 | Lair:5   | Killed Rupert
 22388 | Lair:5   | Reached skill level 5 in Shields
 23487 | Lair:6   | Entered Level 6 of the Lair of Beasts
 23566 | Lair:6   | Reached XP level 14. HP: 127/127 MP: 19/19
 23640 | Lair:6   | HP: 3/127 [catoblepas (7)]
 23645 | Lair:6   | HP: 2/127 [poisoned by a spiny frog]
 23652 | Lair:6   | HP: 2/127 [poisoned by a spiny frog]
 26195 | Lair:6   | Received a gift from Trog
 26990 | Orc:1    | Entered Level 1 of the Orcish Mines
 27340 | Orc:1    | Received a gift from Trog
 27516 | Orc:1    | Noticed an orc warlord
 27531 | Orc:1    | HP: 6/190 [orc warlord/battleaxe of electrocution (20)]
 27531 | Orc:1    | Mangled by an orc warlord

Skill      XL: |  1  2  3  4  5  6  7  8  9 10 11 12 13 14 |
---------------+-------------------------------------------+-----
Fighting       | 4 5 6 7 8 9 10 11 12 | 12.9
Axes           | 4 5 6 7 8 9 10 11 12 | 12.9
Armour         | 3 4 5 6 8 9 10 11 12 | 12.5
Shields        | 1 3 4 5 6 |  6.8
Dodging        | 3 4 5 6 7 8 9 10 11 | 11.8
Evocations     | 2 4 5 6 7 8 9 |  9.0
Bows           | 2 5 6 7 |  7.3
Stealth        | 1 3 5 6 7 |  7.1
Crossbows      | 3 4 |  4.8

Action                   |  1- 3 |  4- 6 |  7- 9 | 10-12 | 13-15 || total
-------------------------+-------+-------+-------+-------+-------++-------
Melee: Hand axe          |    91 |    75 |    80 |       |       ||   246
       Headbutt          |    15 |    13 |    40 |   189 |   182 ||   439
       Broad axe         |       |       |   137 |   277 |       ||   414
       Mace              |       |       |       |   441 |   647 ||  1088
 Fire: Hand crossbow     |       |       |       |       |    39 ||    39
Throw: Stone             |     6 |    29 |    84 |   223 |   196 ||   538
Invok: Berserk           |       |     2 |     9 |    12 |    12 ||    35
       Trog's Hand       |       |       |     1 |     1 |       ||     2
       Burn Spellbooks   |       |       |       |     1 |     3 ||     4
       Brothers in Arms  |       |       |       |     1 |     2 ||     3
 Abil: Evoke Blink       |       |       |       |     1 |       ||     1
Evoke: Wand              |       |       |       |       |     1 ||     1
  Use: Scroll            |     6 |       |     9 |     9 |     9 ||    33
       Potion            |       |       |       |       |     2 ||     2
 Stab: Sleeping          |       |       |       |     2 |     1 ||     3
       Petrified         |       |       |       |       |     2 ||     2
       Distracted        |       |       |       |       |     1 ||     1
  Eat: Chunk             |     1 |     5 |    14 |    29 |    15 ||    64
       Ration            |       |       |     3 |     5 |     9 ||    17
Armor: Animal skin       |    11 |       |       |       |       ||    11
       Scale mail        |     4 |    24 |       |       |       ||    28
       Chain mail        |       |       |    66 |   328 |   384 ||   778
Dodge: Dodged            |    59 |    49 |    97 |   445 |   573 ||  1223
Block: Buckler           |    15 |    11 |    53 |   214 |   220 ||   513
